 Dungeon Crawl Stone Soup version 0.25-a0-166-g16436c4407 (webtiles) character file.

Game seed: 8073732967073229221, levelgen mode: deterministic

571 Lanoc the Ducker (level 7, 0/46 HPs)
             Began as an Octopode Monk on Nov 23, 2019.
             Was a Priest of Kikubaaqudgha.
             Slain by a centaur (1 damage)
             ... on level 5 of the Dungeon.
             The game lasted 00:09:05 (3201 turns).

Lanoc the Ducker (Octopode Monk)                    Turns: 3201, Time: 00:09:06

Health: 0/46       AC:  1    Str:  7 (10) XL:     7   Next: 34%
Magic:  19/19      EV: 14    Int: 12 (13) God:    Kikubaaqudgha [***...]
Gold:   88         SH:  0    Dex:  9 (16) Spells: 9/11 levels left

rFire    . . .     SeeInvis .   a - +0 falchion
rCold    . . .     Gourm    .   (no shield)
rNeg     . . .     Faith    .   (helmet restricted)
rPois    .         Spirit   .   g - amulet of the acrobat (curse)
rElec    .         Reflect  .   k - ring of magical power
rCorr    .         Harm     .   n - ring of teleportation (curse)
MR       .....     Rnd*Tele +   (no ring)
Stlth    +++.......             (no ring)
HPRegen  0.15/turn              (no ring)
MPRegen  0.16/turn              (no ring)
                                (no ring)
                                (no ring)

@: no status effects
A: almost no armour, stealthy swim, amphibious, 8 rings, constrict 8, camouflage
1, gelatinous body 1
a: Receive Corpses, Renounce Religion


You were on level 5 of the Dungeon.
You worshipped Kikubaaqudgha.
Kikubaaqudgha was most pleased with you.
You were not hungry.

You visited 2 branches of the dungeon, and saw 6 of its levels.

You collected 112 gold pieces.
You spent 24 gold pieces at shops.

Inventory:

Hand Weapons
 a - a +0 falchion (weapon)
Missiles
 d - 6 sling bullets
 l - 57 arrows
Jewellery
 g - a cursed amulet of the acrobat (around mantle)
 k - a ring of magical power (left tentacle)
 n - a cursed ring of teleportation (right tentacle)
Wands
 s - a wand of digging (3)
Scrolls
 c - a scroll of enchant armour {unknown}
 e - 2 scrolls of teleportation {unknown}
 j - 2 scrolls of random uselessness {unknown}
 m - 2 scrolls of immolation {unknown}
 q - a scroll of amnesia {unknown}
 r - 2 scrolls of magic mapping {unknown}
Potions
 f - 2 potions of heal wounds
 h - a potion of degeneration
 p - a potion of cancellation
Comestibles
 b - 7 rations


   Skills:
 - Level 3.6 Fighting
 - Level 3.5 Long Blades
 + Level 4.7 Dodging
 - Level 3.3 Stealth
 + Level 2.5 Spellcasting
 * Level 4.7 Necromancy


You had 9 spell levels left.
You knew the following spells:

 Your Spells              Type           Power        Failure   Level  Hunger
a - Animate Skeleton      Necr           N/A          3%          1    #......
b - Pain                  Necr           ##..         3%          1    #......

Your spell library contained the following spells:

 Spells                   Type           Power        Failure   Level  Hunger
 Sublimation of Blood     Necr           ##........   5%          2    ###....
 Flame Tongue             Conj/Fire      #....        26%         1    #......
 Regeneration             Chrm/Necr      #.........   30%         3    ###....
 Throw Flame              Conj/Fire      #.....       36%         2    ###....
 Conjure Flame            Conj/Fire      #.......     61%         3    ###....
 Inner Flame              Hex/Fire       #.......     61%         3    ###....
 Agony                    Necr           ##......     71%         5    ######.
 Dispel Undead            Necr           ##......     71%         5    ######.
 Sticky Flame             Conj/Fire      #.......     95%         4    #####..
 Bolt of Draining         Conj/Necr      #.........   95%         5    ######.
 Excruciating Wounds      Chrm/Necr      #.........   95%         5    ######.
 Fireball                 Conj/Fire      #.........   100%        5    ######.
 Simulacrum               Ice/Necr       #.........   100%        6    #######


Dungeon Overview and Level Annotations

Branches:
Dungeon (5/15)             Temple (1/1) D:4

Altars:
Ashenzari
Elyvilon
Kikubaaqudgha
Makhleb
Sif Muna
Zin

Shops:
D:5 ?


Innate Abilities, Weirdness & Mutations

You cannot wear most types of armour.
You are very stealthy in the water. (Stealth+)
You are amphibious.
You can wear up to eight rings at the same time.
You can use your tentacles to constrict eight enemies at once.
Your skin changes colour to match your surroundings (Stealth+).
Your rubbery body absorbs attacks. (AC +1, EV +1)


Message History

The centaur is almost dead.
You hit the centaur but do no damage.
The centaur is almost dead.
The centaur misses you. The centaur hits you.
* * * LOW HITPOINT WARNING * * *
You hit the centaur but do no damage. Your squeeze misses the centaur.
The centaur is almost dead.
The centaur misses you. The centaur completely misses you.
You barely miss the centaur.
The centaur is almost dead.
The centaur closely misses you.
You riposte.
You hit the centaur but do no damage.
The centaur is almost dead.
You barely miss the centaur. You squeeze the centaur.
The centaur is almost dead.
The centaur hits you!
* * * LOW HITPOINT WARNING * * *
The centaur hits you.
You die...
Kikubaaqudgha rasps: "You have failed me!
Welcome... death!"

... .o. #.# #... #W#
#..###.
###.#####...#..
#.............
#.#.###!.....#
#.###.###..# #.....#
#oc# #####.###.@#
#......# #####..# #..#
#..##
########...#########
#..................#
#.##.###)..#####.#.###
#...# ###.....#


You could see a centaur and an orc.

Vanquished Creatures
  An ogre (D:4)
  A phantom (D:4)
  A howler monkey (D:4)
  A quasit (D:5)
  2 orc priests (D:3)
  3 orc wizards
  Natasha (thrice) (D:3)
  4 adders
  An adder skeleton (D:5)
  3 worms (D:2)
  A dart slug (D:1)
  A leopard gecko (D:3)
  9 orcs
  7 giant cockroaches
  7 goblins
  5 hobgoblins
  4 jackals (D:4)
  4 kobolds (D:2)
  A quokka (D:4)
  10 bats
  9 frilled lizards
  4 rats
82 creatures vanquished.

Vanquished Creatures (collateral kills)
  A goblin (D:3)
1 creature vanquished.

Grand Total: 83 creatures vanquished

Notes
Turn   | Place    | Note
-------+----------+-------------------------------------------
     0 | D:1      | Lanoc the Octopode Monk began the quest for the Orb.
     0 | D:1      | Reached XP level 1. HP: 16/16 MP: 1/1
    73 | D:1      | Reached XP level 2. HP: 19/21 MP: 2/2
   318 | D:1      | Reached XP level 3. HP: 26/26 MP: 3/3
   602 | D:2      | Found a faded altar of an unknown god.
   616 | D:2      | Became a worshipper of Kikubaaqudgha
   616 | D:2      | Reached * piety under Kikubaaqudgha
   616 | D:2      | Identified Kikubaaqudgha's Almanac of Darkness
                  | (Kikubaaqudgha gifted it to you on level 2 of the Dungeon)
   616 | D:2      | Received a gift from Kikubaaqudgha
   616 | D:2      | Reached ** piety under Kikubaaqudgha
   654 | D:2      | Learned a level 1 spell: Animate Skeleton
   656 | D:2      | Learned a level 1 spell: Pain
   934 | D:2      | Reached skill level 1 in Necromancy
   994 | D:2      | Reached XP level 4. HP: 31/31 MP: 4/4
  1393 | D:3      | Noticed Natasha
  1398 | D:3      | Killed Natasha
  1398 | D:3      | Reached *** piety under Kikubaaqudgha
  1398 | D:3      | Identified Kikubaaqudgha's Tome of Sinister Rites
                  | (Kikubaaqudgha gifted it to you on level 3 of the Dungeon)
  1398 | D:3      | Received a gift from Kikubaaqudgha
  1407 | D:3      | Found a white marble altar of Elyvilon.
  1430 | D:3      | Noticed Natasha
  1576 | D:3      | Reached XP level 5. HP: 28/36 MP: 5/5
  1737 | D:3      | Killed Natasha
  1745 | D:3      | Reached skill level 1 in Spellcasting
  1755 | D:3      | Noticed Natasha
  1761 | D:3      | Killed Natasha
  1781 | D:3      | Found a shattered altar of Ashenzari.
  1782 | D:3      | Found a glowing silver altar of Zin.
  1800 | D:3      | Reached XP level 6. HP: 42/42 MP: 7/7
  2017 | D:3      | Found a shimmering blue altar of Sif Muna.
  2300 | D:4      | Found a burning altar of Makhleb.
  2354 | D:4      | Found a staircase to the Ecumenical Temple.
  2361 | Temple   | Entered the Ecumenical Temple
  2387 | D:4      | Reached XP level 7. HP: 46/46 MP: 10/10
  2856 | D:5      | Entered Level 5 of the Dungeon
  3010 | D:5      | Found Jusa's Magic Scroll Emporium.
  3017 | D:5      | Bought a scroll of identify for 24 gold pieces
  3201 | D:5      | HP: 1/46 [centaur (9)]
  3201 | D:5      | Slain by a centaur

Levels and vault maps discovered:
D:1:      giann_forest_graveyard, layout_loops_ring
D:2:      layout_basic, chequers_ecumenical_altar_simple_redux, first_ration,
          corexii_item_surrounded_by_moat
D:3:      layout_rooms, lemuel_blue_sif_altar, grunt_temple_overflow_open,
          minmay_misc_feat_four_crosses, uniq_natasha
D:4:      layout_basic, lemuel_crystal_altar, minmay_temple_entry_stoned_glass
D:5:      layout_loops_ring, serial_shops, shop, shop_scrolls,
          makhleb_altar_promises_db, uniq_sigmund, uniq_pikel,
          uniq_crazy_yiuf_cottage
Temple:   regret_index_temple_generic_petals

Skill      XL: |  1  2  3  4  5  6 |
---------------+-------------------+-----
Stealth        | 3 |  3.3
Necromancy     | 1 2 3 4 |  4.7
Spellcasting   | 1 2 |  2.5
Dodging        | 4 |  4.7
Fighting       | |  3.6
Long Blades    | |  3.5

Action                   |  1- 3 |  4- 6 |  7- 9 || total
-------------------------+-------+-------+-------++-------
Melee: Falchion          |    56 |   101 |    56 ||   213
       Constrict         |    14 |    31 |     5 ||    50
       Tentacles         |    10 |    30 |     9 ||    49
 Cast: Pain              |     1 |     4 |     3 ||     8
       Animate Skeleton  |       |     7 |     2 ||     9
  Use: Potion            |       |       |     3 ||     3
       Scroll            |       |       |     2 ||     2
 Stab: Sleeping          |    10 |     9 |       ||    19
       Invisible         |       |       |     1 ||     1
  Eat: Chunk             |       |     6 |       ||     6
       Ration            |       |       |     1 ||     1
Armor: Skin              |     8 |     3 |     1 ||    12
Dodge: Dodged            |    33 |    74 |    58 ||   165
       Rpst.: Falchion   |    13 |    23 |    19 ||    55

Table legend:
 A = Non-vault XP
 B = Vault XP
 C = Vault XP percentage of total XP
 D = Non-vault monster count
 E = Vault monster count
 F = Vault count percentage of total count
                 A         B        C        D         E       F
            +---------+---------+-------+---------+---------+-------
      Total |     782 |      35 |   4.3 |      82 |       1 |   1.2
            +---------+---------+-------+---------+---------+-------
        D:1 |      36 |       0 |   0.0 |      21 |       0 |   0.0
        D:2 |      79 |       0 |   0.0 |      22 |       0 |   0.0
        D:3 |     255 |      35 |  12.1 |      21 |       1 |   4.5
        D:4 |     359 |       0 |   0.0 |      15 |       0 |   0.0
        D:5 |      53 |       0 |   0.0 |       3 |       0 |   0.0
            +---------+---------+-------+---------+---------+-------
